 Dungeon Crawl Stone Soup version 0.23-a0-819-g6debee6 (console) character file.

11 bli the Skirmisher (level 2, -2/24 HPs)
             Began as a Formicid Abyssal Knight on Jan 22, 2019.
             Was a Follower of Lugonu.
             Slain by a jackal (3 damage)
             ... on level 1 of the Dungeon.
             The game lasted 00:02:19 (142 turns).

bli the Skirmisher (Formicid Abyssal Knight)         Turns: 142, Time: 00:02:19

Health: -2/24      AC:  3    Str: 16    XL:     2   Next: 35%
Magic:  3/3        EV: 11    Int: 11    God:    Lugonu [*.....]
Gold:   77         SH:  0    Dex: 10    Spells: 1/1 levels left

rFire    . . .     SeeInvis +   a - +1 hand axe
rCold    . . .     Gourm    .   (no shield)
rNeg     . . .     Faith    .   b - +0 leather armour
rPois    .         Spirit   .   (helmet unavailable)
rElec    .         Reflect  .   (no cloak)
rCorr    .         Harm     .   (no gloves)
MR       .....                  (no boots)
Stlth    +.........             (no amulet)
HPRegen  0.08/turn              (no ring)
MPRegen  0.08/turn              (no ring)

@: no status effects
A: permanent stasis, dig shafts and tunnels, four strong arms, antennae 3
a: Dig, Shaft Self, Depart the Abyss, Renounce Religion


You were on level 1 of the Dungeon.
You worshipped Lugonu.
Lugonu was aware of your devotion.
You were not hungry.

You visited 1 branch of the dungeon, and saw 1 of its levels.
You visited the Abyss 1 time.

You collected 77 gold pieces.

Inventory:

Hand Weapons
 a - a +1 hand axe (weapon)
Missiles
 e - 21 sling bullets
 f - a stone (quivered)
Armour
 b - a +0 leather armour (worn)
Scrolls
 g - a scroll of immolation {unknown}
Potions
 d - a potion of mutation {unknown}
Comestibles
 c - a ration
 h - a chunk of flesh


   Skills:
 - Level 3.2 Fighting
 + Level 2.9 Axes
 - Level 2.1 Armour
 - Level 0.8 Dodging
 - Level 2.1 Invocations


You had one spell level left.
You didn't know any spells.
Your spell library contained the following spells:

 Spells                   Type           Power        Failure   Level  Hunger
 Passwall                 Tmut/Erth      #.......     54%         2    ###....
 Swiftness                Chrm/Air       #.......     54%         2    ###....
 Passage of Golubria      Tloc           N/A          99%         4    #####..
 Lee's Rapid Deconstruct  Erth           #.........   100%        5    ######.
 Darkness                 Hex            #.........   100%        6    #######
 Invisibility             Hex            #.......     100%        6    #######


Dungeon Overview and Level Annotations

Branches:
Dungeon (1/15)

Altars:


Innate Abilities, Weirdness & Mutations

You cannot be hasted, slowed, berserked, paralysed or teleported.
You can dig through walls and to a lower floor.
Your four strong arms can wield two-handed weapons with a shield.
You have a pair of large antennae on your head. (SInv)


Message History

You hit the jackal but do no damage.
You hear a bark!
The jackal bites you. The hobgoblin barely misses you.
You hit the jackal.
You kill the jackal!
Lugonu accepts your kill.
You can now depart the Abyss.
You barely miss the hobgoblin. The hobgoblin hits you.
The jackal barely misses you.
You hit the hobgoblin.
The hobgoblin is heavily wounded.
You barely miss the jackal. The hobgoblin hits you.
* * * LOW HITPOINT WARNING * * *
You closely miss the jackal. You hit the jackal.
You kill the jackal!
Lugonu accepts your kill.
You hit the hobgoblin.
The jackal bites you but does no damage.
The hobgoblin hits you.
* * * LOW HITPOINT WARNING * * *
The jackal bites you.
You die...

###........#
#....###.#
.##....###.# {
....[...##.#
.##.....##.#
##.......#
###.#..#######
{
#............#
#
#...##.####..#
....###h..##.#
......)@..##.#
#######g.###.#
#..# #.# (...
..# ###.#.###
#.... #.. ..
#......


You could see a jackal and a hobgoblin.

Vanquished Creatures
  2 dart slugs (D:1)
  2 jackals (D:1)
  2 kobolds (D:1)
  A rat (D:1)
7 creatures vanquished.

Notes
Turn   | Place    | Note
-------+----------+-------------------------------------------
     0 | Abyss:1  | bli the Formicid Abyssal Knight began the quest for the
                  | Orb.
     0 | Abyss:1  | Reached XP level 1. HP: 18/18 MP: 2/2
     7 | Abyss:2  | Found a corrupted altar of Lugonu.
    67 | Abyss:2  | Noticed a thrashing horror
    76 | Abyss:2  | Noticed a raiju
    76 | Abyss:2  | Noticed a raiju
    76 | Abyss:2  | Noticed a raiju
    76 | Abyss:2  | Noticed a raiju
    81 | D:1      | Escaped the Abyss
   133 | D:1      | Reached XP level 2. HP: 20/24 MP: 3/3
   140 | D:1      | Reached * piety under Lugonu
   142 | D:1      | HP: 1/24 [hobgoblin (3)]
   142 | D:1      | Slain by a jackal

Vault maps used:
D:1:      dpeg_arrival_long_road, feat_on_display

Action                   || total
-------------------------++-------
Melee: Hand axe          ||    17
Invok: Depart the Abyss  ||     1
Armor: Leather armour    ||     5
Dodge: Dodged            ||     7

Table legend:
 A = Non-vault XP
 B = Vault XP
 C = Vault XP percentage of total XP
 D = Non-vault monster count
 E = Vault monster count
 F = Vault count percentage of total count
                 A         B        C        D         E       F
            +---------+---------+-------+---------+---------+-------
      Total |      16 |       0 |   0.0 |       7 |       0 |   0.0
            +---------+---------+-------+---------+---------+-------
        D:1 |      16 |       0 |   0.0 |       7 |       0 |   0.0
            +---------+---------+-------+---------+---------+-------
